 Dungeon Crawl Stone Soup version 0.29-a0-322-g68df515428 (webtiles) character file.

Game seed: 434168621091175480

1575 Murumi the Covert (level 8, -1/48 HPs)
             Began as a Vampire Enchanter on Apr 8, 2022.
             Was a Follower of Okawaru.
             Slain by Duvessa
             ... wielding a +3 short sword of flaming
              (5 damage)
             ... on level 6 of the Dungeon.
             The game lasted 00:23:41 (6541 turns).

Murumi the Covert (Vampire Enchanter)               Turns: 6541, Time: 00:23:41

Health: -1/48      AC:  8    Str:  7    XL:     8   Next: 60%
Magic:  1/11       EV: 12    Int: 18    God:    Okawaru [*.....]
Gold:   242        SH:  0    Dex: 20    Spells: 3/11 levels left

rFire   + . .      SeeInvis +   a - +1 dagger
rCold   + + .      Faith    .   (no shield)
rNeg    + + +      Spirit   .   g - +3 leather armour {rF+}
rPois   ∞          Reflect  .   (no helmet)
rElec   .          Harm     .   n - +0 cloak
rCorr   +          Rampage  .   (no gloves)
Will    .....                   o - +0 pair of boots
Stlth   +++++++...              (no amulet)
HPRegen 0.00/turn               p - ring of Heofuliqan {rCorr Dex+4}
MPRegen 0.12/turn               (no ring)

@: confusing by touch, bloodless, inhibited regen
A: bloodless, fangs 3, see invisible, vampiric 2
a: Bat Form, Revivify, Renounce Religion, Heroism


You were on level 6 of the Dungeon.
You worshipped Okawaru.
Okawaru was aware of your devotion.
You visited 2 branches of the dungeon, and saw 7 of its levels.

You collected 242 gold pieces.

Inventory:

Hand Weapons
 a - a +1 dagger (weapon)
Missiles
 b - 4 throwing nets (quivered)
Armour
 g - a +3 leather armour of fire resistance (worn)
 n - a +0 cloak (worn)
 o - a +0 pair of boots (worn)
Jewellery
 p - the ring of Heofuliqan (left hand) {rCorr Dex+4}
   (You found it on level 5 of the Dungeon)

   [ring of resist corrosion]

   Dex:       It affects your dexterity (+4).
   rCorr:     It protects you from acid and corrosion.
Wands
 j - a wand of digging (4)
 q - a wand of acid (5)
Scrolls
 i - a scroll of blinking
 k - a scroll of fear
 l - 6 scrolls of teleportation
 r - a scroll of enchant armour
Potions
 c - 2 potions of invisibility
 d - a potion of brilliance
 e - 5 potions of curing
 f - a potion of mutation
 h - a potion of heal wounds
 m - a potion of flight {unknown}
 s - 2 potions of haste


   Skills:
 - Level 4.0 Fighting
 - Level 6.0 Short Blades
 - Level 1.0 Armour
 - Level 3.0 Dodging
 + Level 10.7 Stealth
 - Level 2.0 Spellcasting
 - Level 5.0 Hexes
 - Level 2.0 Ice Magic
 - Level 2.0 Invocations
 - Level 2.0 Evocations


You had 3 spell levels left.
You knew the following spells:

 Your Spells              Type           Power      Damage    Failure   Level
a - Ensorcelled Hibernat  Hex/Ice        28%        N/A       10%         2
b - Confusing Touch       Hex            19%        N/A       10%         3
c - Tukima's Dance        Hex            19%        N/A       10%         3

Your spell library contained the following spells:

 Spells                   Type           Power      Damage    Failure   Level
 Dazzling Flash           Conj/Hex       20%        N/A       28%         3
 Portal Projectile        Hex/Tloc       20%        N/A       28%         3
 Gell's Gravitas          Tloc           1%         N/A       61%         3
 Teleport Other           Tloc           1%         N/A       61%         3
 Leda's Liquefaction      Hex/Erth       5%         N/A       67%         4
 Silence                  Hex/Air        5%         N/A       95%         5
 Agony                    Necr           1%         N/A       100%        5
 Fireball                 Conj/Fire      0%         3d3       100%        5
 Iskenderun's Battlesphe  Conj           1%         2d6       100%        5
 Dispersal                Tloc           0%         N/A       100%        6
 Iron Shot                Conj/Erth      0%         9d1       100%        6
 Starburst                Conj/Fire      0%         6d3       100%        6
 Ignition                 Fire           0%         3d3       100%        8
 Call Canine Familiar     Summ           Unusable   N/A       N/A         3
 Spellforged Servitor     Conj/Summ      Unusable   N/A       N/A         7

Dungeon Overview and Level Annotations

Branches:
Dungeon (6/15)             Temple (1/1) D:5

Altars:
Ashenzari
Dithmenos
Elyvilon
Fedhas
Gozag
Hepliaklqana
Kikubaaqudgha
Makhleb
Nemelex Xobeh
Okawaru
Qazlal
Ru
Sif Muna
Trog
Uskayaw
Vehumet
Wu Jian
Xom
Yredelemnul
Zin
The Shining One

Annotations:
D:6 Duvessa


Innate Abilities, Weirdness & Mutations

You do not regenerate when monsters are visible.
You are frail without blood (-20% HP).
You can heal yourself when you bite living creatures.
You are immune to poison.
You have razor-sharp teeth.
You have supernaturally acute eyesight. (SInv)
You are afflicted with vampirism and can become a bat while bloodless.


Message History

Press: ? - help, Shift-Dir - straight line The bolt of acid hits Duvessa!
The acid corrodes Duvessa!
Duvessa is moderately wounded.
Duvessa hits you with a +3 short sword of flaming!
Duvessa burns you.
Unknown command.
You hit Duvessa.
Duvessa is moderately wounded.
Duvessa closely misses you.
You hit Duvessa.
Duvessa is moderately wounded.
Duvessa hits you with a +3 short sword of flaming.
* * * LOW HITPOINT WARNING * * *
Duvessa burns you.
* * * LOW HITPOINT WARNING * * *
Blink to where?
Press: ? - help, Dir - move target
As you read the scroll of blinking, it crumbles to dust.
You hear a shout!
You hear a shout! x2
You hear a shout!
Duvessa rages.
Casting: Ensorcelled Hibernation (safe; 10% risk of failure)
Confirm with . or Enter, or press ? or * to list all spells.
You can't see any susceptible monsters within range! (Use Z to cast anyway.) Unknown command.
Casting: Ensorcelled Hibernation (safe; 10% risk of failure)
Confirm with . or Enter, or press ? or * to list all spells.
Your hands begin to glow red.
Duvessa hits you with a +3 short sword of flaming.
* * * LOW HITPOINT WARNING * * *
Duvessa burns you.
* * * LOW HITPOINT WARNING * * *
You hit Duvessa but do no damage.
Duvessa is moderately wounded.
Duvessa closely misses you.
You hit Duvessa but do no damage.
Duvessa is moderately wounded.
Duvessa hits you with a +3 short sword of flaming.
You die...

##########
#.....e@<#
#........#
#######........#
####.......>......#
.......###........#
.#.†...###........#
.......##.........#
.#........#########
.#.....####


You could see Duvessa (berserk, corroded).

Vanquished Creatures
  Eustachio (D:6)
  A water moccasin (D:6)
  A black bear (D:5)
  A kobold brigand (D:6)
  2 necrophages (D:5)
  3 scorpions
  Dowan (D:6)
  5 killer bees (D:4)
  3 hounds
  3 jellies
  An orc priest (D:3)
  An iguana (D:4)
  3 orc wizards
  10 gnolls
  5 adders
  An ufetubus (D:5)
  2 worms (D:4)
  2 dart slugs
  19 orcs
  3 ball pythons
  6 bats
  13 endoplasms
  A giant cockroach (D:3)
  4 goblins
  11 hobgoblins
  5 quokkas
  3 frilled lizards
  11 kobolds
  23 rats
145 creatures vanquished.

Notes
Turn   | Place    | Note
-------+----------+-------------------------------------------
     0 | D:1      | Murumi the Vampire Enchanter began the quest for the Orb.
     0 | D:1      | Reached XP level 1. HP: 13/13 MP: 3/3
    91 | D:1      | Reached skill level 5 in Hexes
   326 | D:1      | Reached XP level 2. HP: 15/15 MP: 5/5
   363 | D:1      | Reached skill level 5 in Stealth
   691 | D:1      | Learned a level 2 spell: Ensorcelled Hibernation
   696 | D:1      | Found a faded altar of an unknown god.
  1339 | D:2      | Gained mutation: You are afflicted with vampirism and can
                  | become a bat while bloodless. [Vampire growth]
  1339 | D:2      | Reached XP level 3. HP: 18/19 MP: 6/6
  2246 | D:3      | Reached skill level 1 in Fighting
  2306 | D:3      | Reached skill level 1 in Ice Magic
  2392 | D:3      | Reached XP level 4. HP: 24/25 MP: 7/7
  2677 | D:3      | You fall into a shaft and drop 2 floors!
  2677 | D:5      | Entered Level 5 of the Dungeon
  2708 | D:5      | Reached XP level 5. HP: 25/30 MP: 5/8
  3018 | D:5      | Reached skill level 6 in Stealth
  3018 | D:5      | Reached skill level 1 in Evocations
  3018 | D:5      | Reached skill level 1 in Armour
  3022 | D:5      | Learned a level 3 spell: Confusing Touch
  3205 | D:5      | Reached XP level 6. HP: 35/35 MP: 9/9
  3326 | D:4      | Reached skill level 7 in Stealth
  3790 | D:4      | Reached skill level 8 in Stealth
  3921 | D:4      | HP: 1/36 [killer bee (5)]
  3925 | D:4      | Reached XP level 7. HP: 1/40 MP: 1/10
  4453 | D:4      | Reached skill level 9 in Stealth
  4457 | D:4      | Learned a level 3 spell: Tukima's Dance
  5077 | D:5      | Identified the ring of Heofuliqan {rCorr Dex+4}
  5092 | D:5      | Found a staircase to the Ecumenical Temple.
  5097 | D:5      | Reached skill level 5 in Short Blades
  5101 | Temple   | Entered the Ecumenical Temple
  5474 | Temple   | Became a worshipper of Warmaster Okawaru
  5899 | D:5      | Reached skill level 10 in Stealth
  6133 | D:6      | Reached skill level 1 in Invocations
  6136 | D:6      | Reached XP level 8. HP: 46/46 MP: 6/11
  6453 | D:6      | Noticed Eustachio
  6479 | D:6      | Noticed Dowan
  6490 | D:6      | Killed Eustachio
  6490 | D:6      | Reached * piety under Okawaru
  6505 | D:6      | Killed Dowan
  6517 | D:6      | Noticed Duvessa
  6541 | D:6      | Slain by Duvessa

Illustrated notes

Levels and vault maps discovered:
D:1:      moated_graveyard_arrival, layout_loops_ring,
          ebering_ecumenical_altar_sacrificial, st_stairs_13
D:2:      layout_loops_ring, serial_glass, glass_columns_a, glass_columns_b
D:3:      layout_loops_ring, grunt_ministairs_4
D:4:      layout_loops_ring, minmay_rat_hole
D:5:      layout_basic, minmay_temple_entry_offerings, minmay_misc_feat_encased
D:6:      layout_rooms, minmay_misc_feat_rugged, grunt_ministairs_2,
          minmay_door_square, uniq_duvessa, uniq_eustachio
Temple:   roderic_octagonal_lattice_temple

Skill      XL: |  1  2  3  4  5  6  7  8 |
---------------+-------------------------+-----
Hexes          | 5 |  5.0
Stealth        | 5 6 8 10 | 10.7
Short Blades   | 2 3 4 5 6 |  6.0
Dodging        | 3 |  3.0
Fighting       | 1 2 3 4 |  4.0
Ice Magic      | 1 2 |  2.0
Evocations     | 1 2 |  2.0
Armour         | 1 |  1.0
Invocations    | 1 2 |  2.0
Spellcasting   | |  2.0

Action                   |  1- 3 |  4- 6 |  7- 9 || total
-------------------------+-------+-------+-------++-------
Melee: Dagger            |   150 |   138 |   138 ||   426
       Bite              |     7 |    12 |     9 ||    28
       Punch             |       |     3 |     1 ||     4
 Cast: Ensorcelled Hiber |     1 |    20 |    27 ||    48
       Confusing Touch   |       |       |     2 ||     2
 Abil: Exsanguinate      |     1 |       |       ||     1
Evoke: Wand              |       |       |     1 ||     1
  Use: Scroll            |     8 |     3 |     4 ||    15
       Potion            |       |     1 |       ||     1
 Stab: Sleeping          |    16 |    28 |    22 ||    66
       Distracted        |     2 |     1 |       ||     3
       Invisible         |       |     1 |       ||     1
       Confused          |       |       |     1 ||     1
Armor: Robe              |     7 |       |       ||     7
       Leather armour    |    26 |    30 |    35 ||    91
Dodge: Dodged            |    87 |    71 |    74 ||   232

Table legend: (Time is in decaauts)
 A = Elapsed time spent in this place.
 B = Non-inter-level travel time spent in this place.
 C = Inter-level travel time spent in this place.
 D = Time resting spent in this place.
 E = Time spent auto-exploring this place.
 F = Levels seen in this place.
 G = Mean time per level.
                   A        B        C        D        E       F      G
               +--------+--------+--------+--------+--------+-----+--------+
         Total |   6484 |   5985 |    499 |    313 |   4517 |   7 |  926.3 |
       Dungeon |   6094 |   5634 |    460 |    313 |   4188 |   6 | 1015.7 |
        Temple |    389 |    351 |     38 |      0 |    329 |   1 |  389.0 |
               +--------+--------+--------+--------+--------+-----+--------+

Top non-repeatable levels by time:
     D:5: 1460 daAuts
     D:1: 1304 daAuts
     D:3: 1184 daAuts
     D:4: 1005 daAuts
     D:2: 880 daAuts
  Temple: 389 daAuts
     D:6: 259 daAuts
